 Dungeon Crawl Stone Soup version 0.17.1-3-g152610e (webtiles) character file.

38140 Gargoyl the Cleaver (level 13, 0/108 HPs)
             Began as a Demonspawn Abyssal Knight on Mar 11, 2016.
             Was the Champion of Lugonu.
             Killed by vampiric draining
             ... invoked by Josephine
              (9 damage)
             ... on level 5 of the Lair of Beasts.
             The game lasted 00:42:17 (20274 turns).

Gargoyl the Cleaver (Demonspawn Abyssal Knight)    Turns: 20274, Time: 00:42:17

Health: 0/108      AC: 32    Str: 18    XL:     13   Next: 62%
Magic:  0/14       EV:  7    Int: 14    God:    Lugonu [******]
Gold:   497        SH: 11    Dex: 12    Spells: 0 memorised, 15 levels left

rFire  . . .     SeeInvis .     v - +1 war axe (protect)
rCold  . . .     Clarity  .     m - +0 plate armour
rNeg   . . .     SustAt   .     k - +0 shield
rPois  .         Gourm    .     o - +2 hat {MR+}
rElec  +         Spirit   +     U - +2 cloak {MR+}
rCorr  .         Warding  .     (no gloves)
rMut   .         Stasis   .     (no boots)
MR     ++...                    (no amulet)
Stlth  ..........               T - +3 ring of protection
                                c - +3 ring of protection

@: slowed, studying Maces & Flails, very slow, very resistant to hostile
enchantments, extremely unstealthy
A: claws 2, hooves 1, rugged brown scales 2, low mp 1, electricity resistance,
spiny 1, magic shield
a: Depart the Abyss, Bend Space, Banish, Corrupt, Enter the Abyss, Brand Weapon
With Distortion, Renounce Religion


You were on level 5 of the Lair of Beasts.
You worshipped Lugonu.
Lugonu was exalted by your worship.
You were hungry.

You visited 2 branches of the dungeon, and saw 16 of its levels.
You visited the Abyss 1 time.

You collected 773 gold pieces.
You spent 276 gold pieces at shops.

Inventory:

Hand Weapons
 r - a +0 war axe of venom
 u - a +2 flail of draining
 v - a +1 war axe of protection (weapon)
Missiles
 A - 7 tomahawks (quivered)
Armour
 k - a +0 shield (worn)
 m - a +0 plate armour (worn)
 o - a +2 hat of magic resistance (worn)
 U - a +2 cloak of magic resistance (worn)
Jewellery
 c - a +3 ring of protection (left claw)
 T - a +3 ring of protection (right claw)
Wands
 q - a wand of fireball (10)
 s - a wand of digging (12)
 x - a wand of flame (8)
 D - a wand of disintegration (7)
 E - a wand of random effects (7)
 R - a wand of lightning (8)
Scrolls
 e - 5 scrolls of magic mapping
 f - 15 scrolls of identify
 w - 2 scrolls of fog
 B - 4 scrolls of recharging
 C - 6 scrolls of remove curse
 G - 3 scrolls of blinking
 X - a scroll of fear
 Y - 2 scrolls of teleportation
Potions
 a - a potion of magic
 d - 3 potions of might
 g - 5 potions of haste
 h - 2 potions of flight
 l - 8 potions of curing
 L - 2 potions of brilliance
Books
 n - a manual of Maces & Flails
 y - a book of the Dragon

   Spells                             Type                      Level
   a - Flame Tongue                   Conjuration/Fire             1
   b - Cause Fear                     Hexes                        4
   c - Bolt of Fire                   Conjuration/Fire             6
   d - Dragon Form                    Transmutation                7
   e - Dragon's Call                  Summoning                    9
Miscellaneous
 p - a disc of storms
Comestibles
 b - 5 beef jerkies
 i - 8 meat rations
 j - 5 royal jellies
 t - a slice of pizza
 z - 7 bread rations


   Skills:
 + Level 10.2 Fighting
   Level 2.1 Short Blades
 + Level 10.8(11.0) Axes
 + Level 2.5(7.4) Maces & Flails
 + Level 2.1 Throwing
 + Level 9.7 Armour
 + Level 5.5 Dodging
 + Level 3.2 Stealth
 + Level 10.0 Shields
 + Level 1.7 Unarmed Combat
 + Level 1.8 Spellcasting
 + Level 4.7 Invocations
 + Level 2.7 Evocations


You had 15 spell levels left.
You didn't know any spells.

Dungeon Overview and Level Annotations

Branches:
Dungeon (10/15)            Temple (0/1) D:7            Lair (6/8) D:10
  Snake (0/4) Lair:3
  Swamp: Lair:3-6    Shoals: Lair:3-6     Slime: Lair:6-8       Orc: D:9-12

Altars:
Ashenzari
Dithmenos
Elyvilon
Gozag
Kikubaaqudgha
Makhleb
Nemelex Xobeh
Okawaru
Qazlal
Sif Muna
Vehumet
Yredelemnul
The Shining One

Shops:
D:5 }   D:7 !

Annotations:
D:10 exclusion: obsidian statue
Lair:3 exclusion: oklob plant
Lair:5 Josephine


Innate Abilities, Weirdness & Mutations

You have very sharp fingernails.
You are mostly covered in rugged brown scales (AC +2, +5% HP).
You are partially covered in sharp spines.
When hurt, damage is shared between your health and your magic reserves.
You have large cloven feet.
Your magical capacity is low (-10% MP).
You are resistant to electric shocks.


Message History

The wraith is severely damaged.
The wraith hits you but does no damage.
Josephine is infused with unholy energy.
* * * LOW HITPOINT WARNING * * *
Josephine draws life force from you and is healed!
You block the wraith's attack. You block Josephine's attack.
Drink which item? (? for menu, Esc to quit)
You feel better. The wraith is struck by your spines.
The wraith hits you but does no damage.
Josephine is infused with unholy energy.
* * * LOW HITPOINT WARNING * * *
Josephine draws life force from you and is healed!
Drink which item? (? for menu, Esc to quit)
Okay, then.
Read which item? (? for menu, Esc to quit)
As you read the scroll of fear, it crumbles to dust.
You assume a fearsome visage.
Josephine looks frightened!
The wraith is unaffected.
The wraith hits you but does no damage.
Josephine is infused with unholy energy.
You die...

#...........#.P......#####
##....###.P...........##..
###P..#.#.##...........#...
#......#####...............
#.....#...###..............
###..#.....P...............
#.#..#...................
####..#.†................
###.#@W...............
##.†@P.#...PP..#.....
##....P#....PPP.P.....
##P...........P.......#
#.................##..#
#....#............##..#
##..##P......###..#...#
##.##....P#P...####..#..
#.###.....#####.##.#.P..


You could see Josephine (fleeing) and a wraith.

Vanquished Creatures
  Kirke (Lair:5)
  4 hydras
  Erica (Lair:1)
  Pikel (D:8)
  A hill giant (D:9)
  A griffon (Lair:3)
  3 spiny frogs
  Maurice (D:9)
  Joseph (D:7)
  A black mamba (Lair:4)
  4 komodo dragons
  2 fire drakes (Lair:5)
  A two-headed ogre (D:9)
  7 blink frogs
  A queen bee (Lair:2)
  3 wyverns
  A spriggan (D:7)
  Sigmund (D:3)
  14 yaks
  2 wraiths (Lair:6)
  3 hogs (Lair:5)
  2 hippogriffs (Lair:4)
  A human (D:8)
  The ghost of Gargoyl the Skirmisher, an amateur DsAK of Lugonu (D:3)
  8 basilisks
  A steam dragon (D:8)
  A hungry ghost (D:10)
  Menkaure (D:5)
  Edmund (D:4)
  13 water moccasins
  21 wolves
  3 slaves (D:8)
  4 orc warriors
  3 sky beasts
  7 ice beasts
  A black bear (D:7)
  4 ogres
  7 porcupines
  4 centaurs
  7 crocodiles
  A big kobold (D:8)
  16 giant frogs
  A wyvern zombie (D:7)
  28 killer bees
  A wyvern skeleton (D:8)
  3 scorpions
  An electric eel (Lair:2)
  4 crimson imps
  6 hounds
  2 quasits
  17 orc wizards
  Crazy Yiuf (D:3)
  2 centaur skeletons (D:8)
  A centaur zombie (D:8)
  Ijyb (D:2)
  2 jellies
  A giant frog skeleton (D:9)
  7 iguanas
  7 orc priests
  Jessica (D:3)
  Terence (D:3)
  A gnoll shaman (D:6)
  10 worker ants
  9 sheep
  A hound skeleton (D:8)
  A mummy (D:7)
  15 adders
  3 gnolls (D:6)
  77 river rats
  2 shadow imps
  An adder zombie (D:5)
  An adder skeleton (D:7)
  6 worms
  3 giant geckos
  60 orcs
  9 bats
  6 giant cockroaches
  7 goblins
  7 hobgoblins
  4 jackals (D:5)
  9 quokkas
  2 ball pythons
  A giant gecko skeleton (D:5)
  6 giant newts
  A goblin zombie (D:8)
  A jackal skeleton (D:7)
  5 kobolds
  A kobold skeleton (D:8)
  3 orc zombies (D:7)
  5 rats (D:2)
  A fungus (Lair:4)
506 creatures vanquished.

Vanquished Creatures (others)
  An orc warrior (D:6)
  A jelly (D:8)
  An orc priest (D:8)
  An orc wizard (D:9)
  A worker ant (D:8)
  A river rat (Lair:6)
  An orc (D:8)
  A hobgoblin zombie (D:7)
  7 fungi
  11 plants
26 creatures vanquished.

Grand Total: 532 creatures vanquished

Notes
Turn   | Place    | Note
--------------------------------------------------------------
     0 | Abyss:1  | Gargoyl the Demonspawn Abyssal Knight began the quest for the Orb.
     0 | Abyss:1  | Reached XP level 1. HP: 18/18 MP: 2/2
    55 | Abyss:1  | Noticed a small abomination
    78 | Abyss:1  | Noticed a quasit
    79 | Abyss:1  | Noticed a thrashing horror
    81 | D:1      | Escaped the Abyss
   669 | D:1      | Reached * piety under Lugonu
   733 | D:2      | Gained mutation: You have sharp fingernails. [demonic ancestry]
   733 | D:2      | Reached XP level 2. HP: 16/24 MP: 3/3
  1111 | D:2      | Reached skill level 1 in Dodging
  1499 | D:2      | Gained mutation: You are partially covered in sharp spines. [demonic ancestry]
  1499 | D:2      | Reached XP level 3. HP: 25/29 MP: 5/5
  1566 | D:2      | Found a shadowy altar of Dithmenos.
  1980 | D:2      | Noticed Ijyb
  1992 | D:2      | Killed Ijyb
  1992 | D:2      | Gained mutation: You are partially covered in rugged brown scales (AC +1, +3% HP). [demonic ancestry]
  1992 | D:2      | Reached XP level 4. HP: 29/38 MP: 6/6
  2265 | D:3      | Reached ** piety under Lugonu
  2270 | D:3      | Noticed Terence
  2286 | D:3      | Killed Terence
  2286 | D:3      | Reached skill level 1 in Stealth
  2312 | D:3      | Reached skill level 4 in Fighting
  2312 | D:3      | Reached XP level 5. HP: 14/43 MP: 7/7
  2524 | D:3      | Noticed Gargoyl's ghost (amateur DsAK)
  2543 | D:3      | Killed Gargoyl's ghost
  2543 | D:3      | Gained mutation: You are mostly covered in rugged brown scales (AC +2, +5% HP). [demonic ancestry]
  2543 | D:3      | Reached XP level 6. HP: 29/50 MP: 8/8
  2686 | D:3      | Found a radiant altar of Vehumet.
  2707 | D:3      | Noticed Sigmund
  2721 | D:3      | Killed Sigmund
  2721 | D:3      | Reached skill level 1 in Shields
  2893 | D:3      | Noticed Jessica
  2897 | D:3      | Killed Jessica
  2990 | D:3      | Noticed Crazy Yiuf
  3001 | D:3      | Killed Crazy Yiuf
  3001 | D:3      | Reached XP level 7. HP: 45/57 MP: 9/9
  3450 | D:4      | Noticed Edmund
  3472 | D:4      | Killed Edmund
  3472 | D:4      | Reached skill level 5 in Fighting
  4152 | D:4      | Reached *** piety under Lugonu
  4553 | D:4      | Reached XP level 8. HP: 64/66 MP: 10/10
  4566 | D:4      | Found a white marble altar of Elyvilon.
  5061 | D:5      | Entered Level 5 of the Dungeon
  5286 | D:5      | Found Jiarph's Gadget Boutique.
  5356 | D:5      | Gained mutation: Your body sometimes deteriorates upon taking damage. [mutagenic meat]
  5357 | D:5      | Gained mutation: Your spells are a little harder to cast, but a little more powerful. [mutagenic meat]
  5358 | D:5      | Lost mutation: Your body sometimes deteriorates upon taking damage. [mutagenic meat]
  5359 | D:5      | Lost mutation: Your spells are a little harder to cast, but a little more powerful. [mutagenic meat]
  5360 | D:5      | Gained mutation: You are agile. (Dex +2) [mutagenic meat]
  5505 | D:5      | Reached skill level 6 in Fighting
  5626 | D:5      | Noticed Menkaure
  5632 | D:5      | Killed Menkaure
  5632 | D:5      | Reached skill level 5 in Armour
  5991 | D:6      | Reached skill level 5 in Axes
  6000 | D:6      | Reached skill level 1 in Evocations
  6014 | D:6      | Reached **** piety under Lugonu
  6125 | D:6      | Found a sparkling altar of Nemelex Xobeh.
  6163 | D:6      | Reached XP level 9. HP: 73/73 MP: 11/11
  7113 | D:7      | Found a stormy altar of Qazlal.
  7386 | D:7      | Reached skill level 5 in Shields
  7437 | D:7      | Found a staircase to the Ecumenical Temple.
  7463 | D:7      | Found Pial's Distillery.
  7466 | D:7      | Bought a potion of heal wounds for 60 gold pieces
  7466 | D:7      | Bought a potion of heal wounds for 60 gold pieces
  7466 | D:7      | Bought a potion of curing for 36 gold pieces
  7466 | D:7      | Bought a potion of curing for 36 gold pieces
  7466 | D:7      | Bought a potion of curing for 36 gold pieces
  7466 | D:7      | Bought a potion of might for 48 gold pieces
  7502 | D:7      | Noticed Joseph
  7524 | D:7      | Killed Joseph
  7822 | D:7      | Found an opulent altar of Gozag.
  7822 | D:7      | Found a glowing golden altar of the Shining One.
  8069 | D:7      | Reached skill level 7 in Fighting
  8098 | D:7      | Reached ***** piety under Lugonu
  8415 | D:7      | Found a shattered altar of Ashenzari.
  8591 | D:8      | Noticed Pikel
  8593 | D:8      | Gained mutation: You have very sharp fingernails. [demonic ancestry]
  8593 | D:8      | Reached XP level 10. HP: 72/82 MP: 12/12
  8686 | D:8      | Killed Pikel
  8755 | D:8      | Found a runed door.
  8763 | D:8      | Found a basalt altar of Yredelemnul.
  8969 | D:8      | Found a burning altar of Makhleb.
  9485 | D:8      | Found an ancient bone altar of Kikubaaqudgha.
 10072 | D:9      | Found an iron altar of Okawaru.
 10089 | D:9      | Reached skill level 8 in Fighting
 10167 | D:9      | Noticed Maurice
 10264 | D:9      | Killed Maurice
 10326 | D:9      | Noticed a hill giant
 10345 | D:9      | Killed a hill giant
 11050 | D:9      | Found a deep blue altar of Sif Muna.
 11269 | D:10     | Entered Level 10 of the Dungeon
 11280 | D:10     | Noticed an obsidian statue
 11370 | D:10     | Reached XP level 11. HP: 91/91 MP: 13/13
 11839 | D:10     | Found a staircase to the Lair.
 11903 | Lair:1   | Entered Level 1 of the Lair of Beasts
 11945 | Lair:1   | Noticed Erica
 11960 | Lair:1   | Killed Erica
 12479 | Lair:1   | Lost mutation: You are agile. (Dex +2) [potion of cure mutation]
 12500 | Lair:1   | Reached skill level 1 in Short Blades
 12500 | Lair:1   | Reached skill level 9 in Axes
 12500 | Lair:1   | Reached skill level 1 in Maces & Flails
 12500 | Lair:1   | Reached skill level 5 in Dodging
 12500 | Lair:1   | Reached skill level 1 in Unarmed Combat
 12500 | Lair:1   | Reached skill level 1 in Spellcasting
 12500 | Lair:1   | Gained mutation: When hurt, damage is shared between your health and your magic reserves. [demonic ancestry]
 12500 | Lair:1   | Reached XP level 12. HP: 98/98 MP: 13/15
 12503 | Lair:1   | Gained mutation: Scrolls take you a little longer to read. [potion of mutation]
 12503 | Lair:1   | Gained mutation: You are clumsy. (Dex -2) [potion of mutation]
 12503 | Lair:1   | Gained mutation: You are frail (-10% HP). [potion of mutation]
 12504 | Lair:1   | Lost mutation: You are frail (-10% HP). [potion of cure mutation]
 12504 | Lair:1   | Lost mutation: You are clumsy. (Dex -2) [potion of cure mutation]
 12504 | Lair:1   | Lost mutation: Scrolls take you a little longer to read. [potion of cure mutation]
 13222 | Lair:2   | Reached ****** piety under Lugonu
 13734 | Lair:2   | Identified 2 scrolls of acquirement
 15697 | Lair:3   | Noticed a seven-headed hydra
 15702 | Lair:3   | Reached skill level 10 in Axes
 15715 | Lair:3   | HP: 5/100 [seven-headed hydra (4)]
 15716 | Lair:3   | Killed a seven-headed hydra
 16132 | Lair:3   | Reached XP level 13. HP: 82/108 MP: 11/16
 16720 | Lair:3   | Found a staircase to the Snake Pit.
 17259 | Lair:4   | Reached skill level 10 in Fighting
 17378 | Lair:4   | Gained mutation: Your magical capacity is low (-10% MP). [potion of mutation]
 17378 | Lair:4   | Gained mutation: You have large cloven feet. [potion of mutation]
 17378 | Lair:4   | Gained mutation: You are resistant to electric shocks. [potion of mutation]
 19793 | Lair:6   | Noticed Kirke
 19797 | Lair:6   | Noticed a sphinx
 19857 | Lair:5   | Killed Kirke
 19961 | Lair:6   | Noticed Josephine
 19984 | Lair:5   | Reached skill level 10 in Shields
 20274 | Lair:5   | Killed from afar by Josephine

Action                   |  1- 3 |  4- 6 |  7- 9 | 10-12 | 13-15 || total
-------------------------+-------+-------+-------+-------+-------++-------
Melee: Hand axe          |    91 |   112 |   153 |       |       ||   356
       War axe           |       |       |   266 |   746 |   355 ||  1367
       Rapier            |       |       |       |    10 |       ||    10
       Flail             |       |       |       |       |    24 ||    24
Throw: Tomahawk          |       |       |     1 |     6 |       ||     7
Invok: Depart the Abyss  |     1 |       |       |       |       ||     1
       Banish            |       |       |     1 |       |     2 ||     3
Evoke: Wand              |       |       |     3 |     2 |       ||     5
  Use: Scroll            |       |       |    12 |    14 |     4 ||    30
       Potion            |       |       |     2 |    18 |     3 ||    23
 Stab: Invisible         |       |       |       |     1 |       ||     1
       Distracted        |       |       |       |     1 |       ||     1
  Eat: Chunk             |     2 |       |    13 |    12 |     2 ||    29
       Bread ration      |     1 |       |     2 |     1 |       ||     4
       Fruit             |       |       |     5 |    11 |       ||    16
       Royal jelly       |       |       |       |     1 |     6 ||     7
       Pizza             |       |       |       |     1 |       ||     1
